Map: Magannatha LE

Players

TheGP - Winner!

  • Race: Protoss Protoss
  • League: Gold
  • Spawn Location: 5:00

ManlyManMeat

  • Race: Zerg Zerg
  • League: Diamond
  • Spawn Location: 11:00

VOD

Have the link to the VOD?

Description

Time

  • Played on: July 5, 2025, 9:01 a.m.
  • Length: 9:36
Show
View Real Time Build Order
Export as new Build Order

TheGP Protoss - Winner!

Build Orders: 1 Gate Expand, Oracle Opening, Zealot Archon 

Get SALT Encoding   

  12  0:00  Probe  
  13  0:12  Probe  
  14  0:20  Pylon  
  14  0:24  Probe  
  15  0:34  Probe  
  15  0:40  Gateway  
  15  0:42  Probe  
  16  0:47  Assimilator  
  17  0:52  Probe  
  18  1:04  Probe  
  19  1:16  Probe  
  20  1:28  Probe  
  20  1:29  Nexus  
  21  1:37  Cybernetics Core  
  21  1:40  Probe  
  21  1:46  Assimilator  
  22  1:53  Probe  
  23  1:55  Pylon  
  23  2:03  Adept  
  23  2:13  Probe  
  26  2:23  Stargate  
  26  2:24  Adept  
  26  2:25  Probe  
  27  2:36  Warp Gate  
  29  2:37  Probe x2  
  31  2:45  Probe  
  31  2:49  Probe  
  33  2:53  Adept  
  33  2:55  Probe  
  36  3:01  Probe  
  37  3:07  Probe  
  37  3:08  Oracle  
  41  3:13  Probe  
  41  3:14  Pylon  
  41  3:19  Probe  
  43  3:26  Probe  
  44  3:31  Probe  
  45  3:38  Probe  
  46  3:43  Probe  
  45  3:52  Probe  
  44  3:55  Probe  
  44  3:59  Gateway  
  44  4:01  Probe, Nexus  
  44  4:02  Pylon  
  45  4:03  Twilight Council  
  45  4:04  Probe  
  45  4:05  Forge  
  45  4:09  Probe  
  47  4:12  Probe  
  49  4:18  Probe, Protoss Ground Weapons Level 1  
  49  4:22  Probe  
  50  4:24  Pylon  
  50  4:27  Shield Battery, Zealot  
  50  4:29  Charge  
  50  4:30  Probe  
  54  4:34  Probe  
  55  4:44  Gateway  
  55  4:48  Stalker  
  57  4:54  Probe x2  
  59  5:06  Probe x2  
  61  5:09  Assimilator  
  61  5:13  Probe, Assimilator  
  62  5:16  Gateway  
  62  5:17  Gateway  
  62  5:18  Probe  
  62  5:19  Gateway  
  62  5:20  Gateway  
  63  5:22  Gateway  
  63  5:23  Gateway  
  63  5:26  Probe x2  
  65  5:28  Assimilator  
  65  5:31  Assimilator  
  65  5:40  Probe x3  
  68  5:45  Robotics Facility  
  68  5:49  Gateway  
  68  5:54  Probe x2  
  68  5:55  Probe  
  71  6:02  Templar Archives  
  71  6:03  Protoss Ground Weapons Level 2  
  71  6:06  Pylon  
  71  6:07  Pylon, Probe x3  
  71  6:09  Pylon  
  73  6:17  Probe  
  74  6:19  Probe x2  
  74  6:24  Warp Prism  
  77  6:29  Probe  
  77  6:31  Probe  
  79  6:39  Psionic Storm  
  81  6:53  Probe x3  
  84  6:55  High Templar x3, Nexus  
  84  6:56  High Templar x3  
  84  6:57  Pylon  
  84  6:59  Observer, Archon  
  84  7:00  Archon x2  
  97  7:08  Probe x3  
  100  7:15  Pylon  
  100  7:18  Pylon x2  
  100  7:20  Photon Cannon  
  100  7:21  Shield Battery  
  100  7:25  Probe  
  100  7:26  Probe  
  102  7:31  Probe  
  102  7:35  Assimilator  
  103  7:37  Zealot x3  
  103  7:38  Probe x2, Zealot x2  
  103  7:39  Assimilator  
  103  7:42  Zealot  
  103  7:43  Zealot x4  
  112  8:05  Pylon  
  112  8:08  High Templar x2  
  112  8:09  High Templar x5  
  112  8:10  Pylon  
  126  8:13  Archon x2  
  126  8:14  Archon  
  126  8:15  High Templar  
  128  8:20  Probe x3  
  128  8:25  Photon Cannon  
  131  8:27  Archon  
  131  8:28  Photon Cannon  
  131  8:30  Shield Battery  
  131  8:34  Pylon  
  131  8:38  Probe x3  
  131  8:40  Photon Cannon  
  124  8:57  Zealot x3  
  124  8:58  Zealot x7  
  124  9:00  Probe  
  133  9:03  Probe x2  
  133  9:04  Probe  
  137  9:23  Zealot  
  137  9:24  Zealot x7  
  135  9:25  Zealot x2  
Show
View Real Time Build Order
Export as new Build Order

ManlyManMeat Zerg 

Build Orders: Hatch First 

Get SALT Encoding   

  12  0:00  Drone  
  13  0:09  Drone  
  14  0:14  Extractor  
  14  0:16  Drone  
  15  0:22  Overlord  
  15  0:41  Drone  
  16  0:46  Hatchery  
  16  0:49  Drone  
  16  0:53  Drone  
  18  0:57  Drone  
  18  1:09  Extractor  
  17  1:13  Spawning Pool  
  17  1:16  Drone  
  17  1:20  Drone  
  18  1:27  Drone  
  19  1:37  Drone  
  20  2:00  Queen x2  
  25  2:01  Zergling x4  
  25  2:06  Overlord  
  26  2:16  Drone x2  
  26  2:18  Metabolic Boost  
  28  2:32  Drone x2  
  28  2:33  Drone x2  
  32  2:48  Hatchery  
  32  2:51  Drone x2  
  33  2:56  Queen  
  35  3:05  Drone, Overlord  
  36  3:06  Overlord  
  36  3:18  Overlord  
  36  3:19  Overlord  
  35  3:36  Spore Crawler  
  35  3:39  Spore Crawler  
  31  3:44  Drone x3  
  31  3:47  Spore Crawler  
  31  3:57  Drone x2  
  31  3:58  Drone x2  
  31  3:59  Drone  
  31  4:00  Drone x3  
  39  4:18  Drone  
  39  4:19  Drone x3  
  39  4:23  Extractor  
  42  4:24  Extractor x2  
  40  4:32  Drone x5  
  40  4:34  Hatchery  
  44  4:42  Spore Crawler  
  44  4:44  Spore Crawler  
  42  4:47  Drone x2  
  42  4:48  Drone x3  
  47  5:00  Baneling Nest  
  47  5:01  Evolution Chamber  
  47  5:02  Drone x2  
  47  5:04  Drone x3  
  47  5:06  Drone x2  
  47  5:07  Drone x2  
  54  5:15  Zergling x8  
  58  5:24  Drone  
  58  5:25  Drone  
  58  5:26  Drone  
  61  5:29  Lair  
  61  5:32  Drone  
  61  5:33  Drone x4, Overlord  
  66  5:49  Zerg Melee Weapons Level 1  
  66  5:50  Overlord x4  
  66  5:52  Baneling x2  
  66  6:02  Drone  
  67  6:06  Queen  
  69  6:14  Overlord x3  
  69  6:24  Hatchery  
  68  6:29  Zergling x8  
  68  6:30  Zergling x26  
  68  6:32  Overlord  
  84  6:40  Zergling x2  
  84  6:45  Zergling x8  
  89  6:56  Baneling x10  
  89  6:57  Zergling x14  
  89  6:58  Zergling x6  
  99  7:04  Zergling x4  
  99  7:08  Centrifugal Hooks  
  101  7:10  Drone x4  
  101  7:14  Extractor  
  101  7:15  Extractor  
  103  7:16  Drone x3  
  103  7:17  Drone  
  103  7:18  Drone x2  
  101  7:57  Zergling x10  
  101  7:58  Zergling x34  
  111  7:59  Hydralisk Den  
  111  8:02  Drone  
  111  8:10  Drone x4  
  115  8:23  Baneling  
  115  8:24  Baneling x15  
  106  8:31  Zergling x2, Hydralisk  
  106  8:32  Hydralisk x3  
  106  8:33  Drone  
  106  8:34  Drone x4  
  109  8:35  Drone  
  109  8:44  Baneling x3  
  109  8:49  Drone x2  
  109  8:50  Drone  
  109  8:51  Drone x2  
  109  8:52  Drone  
  109  9:06  Hydralisk x4  
  109  9:08  Drone, Zergling x18  
  125  9:11  Baneling  
Tags
 
Add a new tag
Caveats
  • Supply blocks, unpowered buildings, or Contaminate may cause inaccurate times.
  • Supply counts are checked every 10 seconds.